 Dungeon Crawl Stone Soup version 0.29.1-15-g9cfb28693d (webtiles) character file.

Game seed: 3737345471391460905

84 Mysteryquy the Digger (level 4, 0/25 HPs)
             Began as a Gargoyle Earth Elementalist on May 2, 2023.
             Slain by a worm (4 damage)
             ... on level 2 of the Dungeon.
             The game lasted 00:04:53 (2753 turns).

Mysteryquy the Digger (Gargoyle Earth Elementalist) Turns: 2753, Time: 00:04:53

Health: 0/25       AC:  5    Str: 11    XL:     4   Next: 45%
Magic:  5/8        EV: 12    Int: 18    God:
Gold:   175        SH:  0    Dex: 10    Spells: 3/7 levels left

rFire   . . .      SeeInvis .   c - +0 club
rCold   . . .      Faith    .   (no shield)
rNeg    + . .      Spirit   .   a - +0 robe
rPois   ∞          Reflect  .   (no helmet)
rElec   +          Harm     .   (no cloak)
rCorr   .          Rampage  .   (no gloves)
Will    .....                   (no boots)
Stlth   ++........              (no amulet)
HPRegen 0.08/turn               (no ring)
MPRegen 0.11/turn               (no ring)

@: flying, very slightly contaminated
A: sickness immunity, AC +3, negative energy resistance 1, electricity
resistance, torment resistance 1, petrification resistance, big wings, high MP 1
a: no special abilities


You were on level 2 of the Dungeon.
You visited 1 branch of the dungeon, and saw 2 of its levels.

You collected 175 gold pieces.

Inventory:

Hand Weapons
 c - a +0 club (weapon)
Missiles
 d - 16 stones
Armour
 a - a +0 robe (worn)
Scrolls
 f - a scroll of noise {unknown}
 h - 4 scrolls of identify {unknown}
 i - a scroll of vulnerability {unknown}
 j - a scroll of blinking {unknown}
Potions
 e - a potion of lignification {unknown}
 g - 2 potions of curing {unknown}


   Skills:
 + Level 1.0 Fighting
 + Level 1.3 Maces & Flails
 + Level 2.1 Dodging
 + Level 2.8 Stealth
 + Level 2.2 Spellcasting
 + Level 0.1 Conjurations
 + Level 0.7 Transmutations
 + Level 4.4 Earth Magic


You had 3 spell levels left.
You knew the following spells:

 Your Spells              Type           Power      Damage    Failure   Level
a - Sandblast             Erth           36%        2d10      2%          1
b - Stone Arrow           Conj/Erth      20%        3d8       21%         3

Your spell library contained the following spells:

 Spells                   Type           Power      Damage    Failure   Level
 Passwall                 Tmut/Erth      9%         N/A       10%         2
 Ensorcelled Hibernation  Hex/Ice        4%         N/A       26%         2
 Spider Form              Tmut/Pois      3%         N/A       41%         3
 Call Canine Familiar     Summ           2%         N/A       47%         3
 Portal Projectile        Hex/Tloc       4%         N/A       47%         3
 Petrify                  Tmut/Erth      11%        N/A       52%         4
 Leda's Liquefaction      Hex/Erth       5%         N/A       56%         4
 Anguish                  Hex/Necr       1%         N/A       87%         4


Dungeon Overview and Level Annotations

Branches:
Dungeon (2/15)

Altars:


Innate Abilities, Weirdness & Mutations

You are immune to sickness and miasma.
Your stone body is resilient. (AC +3)
You are immune to poison.
You resist negative energy. (rN+)
You are resistant to electric shocks. (rElec)
You are resistant to unholy torment.
You are immune to petrification.
Your large and strong wings let you fly.
You have an increased reservoir of magic. (+10% MP)


Message History

Aim: Terence, wielding a +0 morningstar and wearing a +0 chain mail (74% to hit)
You miscast Stone Arrow.
You are very lightly contaminated with residual magic.
You are blasted with magical energy.
Terence hits you but does no damage.
Casting: Stone Arrow (extremely dangerous; 22% risk of failure)
Confirm with . or Enter, or press ? or * to list all spells.
The spell is extremely dangerous to miscast (22% risk of failure)!
Continue anyway?
Aiming: Stone Arrow (extremely dangerous; 22% risk of failure)
Press: ? - help, Shift-Dir - straight line, f/p - Terence
Aim: Terence, wielding a +0 morningstar and wearing a +0 chain mail (74% to hit)
The stone arrow hits Terence!
Terence is severely wounded.
Terence hits you with a +0 morningstar.
Casting: Stone Arrow (extremely dangerous; 22% risk of failure)
Confirm with . or Enter, or press ? or * to list all spells.
You don't have enough magic to cast this spell.
There are monsters nearby!
Magic courses through your body. Terence hits you with a +0 morningstar!
Casting: Stone Arrow (extremely dangerous; 22% risk of failure)
Confirm with . or Enter, or press ? or * to list all spells.
You don't know that spell.
Casting: Stone Arrow (extremely dangerous; 22% risk of failure)
Confirm with . or Enter, or press ? or * to list all spells.
The spell is extremely dangerous to miscast (22% risk of failure)!
Continue anyway?
Aiming: Stone Arrow (extremely dangerous; 22% risk of failure)
Press: ? - help, Shift-Dir - straight line, f/p - Terence
Aim: Terence, wielding a +0 morningstar and wearing a +0 chain mail (severely wounded, 74% to hit)
The stone arrow hits Terence!
You kill Terence!
Your Fighting skill increases to level 1!
Things that are here:
a +0 morningstar; a +0 chain mail You hit the worm.
The worm is lightly wounded.
The worm bites you.
* * * LOW HITPOINT WARNING * * *
You completely miss the worm.
The worm is lightly wounded.
The worm bites you.
You die...

.# #.....)##
#.........# .#
####....#####.........#
.# ####....##.........#
.# ####..#.........# .#
##...........# .#
##>.........# .#
#..........# .#
#w########## .# #@# .#
#.# .# #.# .# #.# .#
#.# .# #.# .# #.# .#
#.# .###############.#


You could see a worm.

Vanquished Creatures
  Terence (D:2)
  2 worms (D:2)
  2 dart slugs (D:1)
  2 bats (D:1)
  An endoplasm (D:1)
  3 giant cockroaches
  5 goblins
  5 hobgoblins (D:1)
  4 jackals (D:1)
  3 kobolds
  3 quokkas
  6 ball pythons
  2 frilled lizards
  5 rats
44 creatures vanquished.

Notes
Turn   | Place    | Note
-------+----------+-------------------------------------------
     0 | D:1      | Mysteryquy the Gargoyle Earth Elementalist began the quest
                  | for the Orb.
     0 | D:1      | Reached XP level 1. HP: 10/10 MP: 3/3
    16 | D:1      | Reached skill level 4 in Earth Magic
   170 | D:1      | Reached XP level 2. HP: 15/15 MP: 5/5
   746 | D:1      | Gained mutation: You have an increased reservoir of magic.
                  | (+10% MP) [potion of mutation]
   746 | D:1      | Gained mutation: Your large and strong wings let you fly.
                  | [potion of mutation]
   750 | D:1      | Reached XP level 3. HP: 6/19 MP: 1/6
   977 | D:1      | Learned a level 3 spell: Stone Arrow
  1684 | D:1      | Reached skill level 1 in Maces & Flails
  1920 | D:2      | Found a faded altar of an unknown god.
  2512 | D:2      | Reached XP level 4. HP: 24/24 MP: 0/8
  2722 | D:2      | Noticed Terence
  2750 | D:2      | Killed Terence
  2751 | D:2      | Reached skill level 1 in Fighting
  2753 | D:2      | Slain by a worm

Illustrated notes

Levels and vault maps discovered:
D:1:      pf_arrival_petrified_forest, layout_loops_ring, minmay_pentomino_s4
D:2:      layout_basic, hellmonk_ecumenical_altar_lost_god, uniq_terence

Skill      XL: |  1  2  3  4 |
---------------+-------------+-----
Earth Magic    | 4 |  4.4
Maces & Flails | 1 |  1.3
Dodging        | 2 |  2.1
Fighting       | 1 |  1.0
Stealth        | |  2.8
Spellcasting   | |  2.2
Conjurations   | |  0.1
Transmutations | |  0.7

Action                   |  1- 3 |  4- 6 || total
-------------------------+-------+-------++-------
Melee: Club              |   153 |     7 ||   160
       Punch             |     3 |       ||     3
 Cast: Sandblast         |    14 |       ||    14
       Stone Arrow       |     6 |     2 ||     8
  Use: Potion            |     3 |     1 ||     4
 Stab: Sleeping          |     5 |     1 ||     6
Armor: Robe              |    50 |     3 ||    53
Dodge: Dodged            |   121 |     2 ||   123
